 Dungeon Crawl Stone Soup version 0.21-a0-178-g0b87683 (console) character file.

319 utis the Conjurer (level 6, 0/41 HPs)
             Began as a Human Air Elementalist on Aug 9, 2017.
             Slain by a sky beast (5 damage)
             ... on level 4 of the Dungeon.
             The game lasted 00:28:11 (7067 turns).

utis the Conjurer (Human Air Elementalist)          Turns: 7067, Time: 00:28:12

Health: 0/41       AC:  5    Str:  8    XL:     6   Next: 75%
Magic:  10/10      EV: 10    Int: 18    God:
Gold:   135        SH:  0    Dex: 13    Spells: 5/11 levels left

rFire    . . .     SeeInvis .   k - +1 hand axe (flame)
rCold    . . .     Gourm    .   (no shield)
rNeg     . . .     Faith    .   u - +0 ring mail
rPois    .         Spirit   .   (no helmet)
rElec    .         Reflect  .   (no cloak)
rCorr    .         Harm     .   (no gloves)
MR       .....                  (no boots)
Stlth    +.........             (no amulet)
HPRegen  0.13/turn              (no ring)
MPRegen  0.12/turn              (no ring)

@: very slow
A: no striking features
a: no special abilities


You were on level 4 of the Dungeon.
You were very hungry.

You visited 1 branch of the dungeon, and saw 4 of its levels.

You collected 135 gold pieces.

Inventory:

Hand Weapons
 d - a +0 short sword
 k - a +1 hand axe of flaming (weapon)
Missiles
 e - 49 stones (quivered)
 h - 38 arrows
 l - a throwing net {=f}
 m - 10 poisoned needles
 p - 22 sling bullets
 q - 10 tomahawks
 z - 28 bolts
Armour
 a - a +0 robe
 u - a +0 ring mail (worn)
 v - a +0 scale mail
Jewellery
 o - an uncursed ring of magical power {unknown}
 r - an uncursed ring of magical power {unknown}
 s - an uncursed ring of protection from magic {unknown}
Wands
 A - a wand of random effects (9/48)
Scrolls
 f - 3 scrolls of blinking {unknown}
 w - 2 scrolls of remove curse {unknown}
 x - a scroll of teleportation {@r4}
 y - a scroll of magic mapping {unknown}
Potions
 j - a potion of curing {@q1}
 n - 2 potions of might {unknown}
 t - a potion of degeneration {unknown}
Books
 b - a book of Air

   Spells                             Type                      Level
   a - Shock                          Conjuration/Air              1
   b - Swiftness                      Charms/Air                   2
   c - Static Discharge               Conjuration/Air              3
   d - Airstrike                      Air                          4
   e - Lightning Bolt                 Conjuration/Air              5
Comestibles
 c - 2 bread rations {@e1}
 g - 2 royal jellies {@e3}


   Skills:
 - Level 2.0 Dodging
 - Level 2.0 Stealth
 + Level 3.0 Spellcasting
 * Level 5.0 Conjurations
 * Level 4.1 Air Magic


You had 5 spell levels left.
You knew the following spells:

 Your Spells              Type           Power        Failure   Level  Hunger
a - Shock                 Conj/Air       ###.         8%          1    None
t - Static Discharge      Conj/Air       ###.....     22%         3    ###....
W - Swiftness             Chrm/Air       ##......     32%         2    ##.....


Dungeon Overview and Level Annotations

Branches:
Dungeon (4/15)
 Temple: D:4-7

Altars:
Kikubaaqudgha
Sif Muna


Message History

The sky beast hits you but does no damage. x2
Your unstable footing causes you to fumble your attack.
You hit the sky beast but do no damage.
The sky beast is severely wounded.
The sky beast hits you.
* * * LOW HITPOINT WARNING * * *
The sky beast shocks you.
* * * LOW HITPOINT WARNING * * *
You barely miss the sky beast.
The sky beast is severely wounded.
The sky beast seems less confused.
The sky beast hits you.
* * * LOW HITPOINT WARNING * * *
The sky beast shocks you.
* * * LOW HITPOINT WARNING * * *
You closely miss the sky beast.
The sky beast is severely wounded.
The sky beast closely misses you. The sky beast hits you.
* * * LOW HITPOINT WARNING * * *
The sky beast shocks you.
You die...

░.░ ░.░ . ░.░ ░░.
░.░░ . ... ░..░
░░░.░ ░░.░ ..░.░
░.░ ░.░.░ ░Y░
░...░░░░░░. ░p░
░.......... ░.░
░..░░░░░░░░ ░.░
░.<░░░░░░░░░░░░░.░
.................░
░..░░░░░░░░░░░░░.░
...░░░░░░░░░░░░░.░
.................░
░░░░░░░░░░░░░░░░░░


You could see a sky beast.

Vanquished Creatures
  A hound (D:4)
  An orc wizard (D:4)
  A worker ant (D:4)
  3 gnolls (D:2)
  6 adders
  2 oozes
  6 worms
  7 dart slugs
  3 leopard geckos (D:1)
  6 orcs
  6 giant cockroaches
  8 goblins
  11 hobgoblins
  6 jackals
  4 quokkas
  A ball python (D:3)
  9 bats
  10 frilled lizards
  9 kobolds
  A quokka skeleton (D:4)
  10 rats
111 creatures vanquished.

Notes
Turn   | Place    | Note
-------+----------+-------------------------------------------
     0 | D:1      | utis the Human Air Elementalist began the quest for the Orb.
     0 | D:1      | Reached XP level 1. HP: 13/13 MP: 3/3
   320 | D:1      | Reached XP level 2. HP: 19/19 MP: 1/5
   401 | D:1      | Reached skill level 2 in Conjurations
  1106 | D:1      | Reached XP level 3. HP: 21/24 MP: 3/6
  1240 | D:1      | Reached skill level 3 in Conjurations
  2083 | D:1      | Reached XP level 4. HP: 23/30 MP: 5/7
  3457 | D:2      | Reached XP level 5. HP: 32/35 MP: 6/8
  3675 | D:2      | Reached skill level 4 in Conjurations
  4411 | D:3      | Learned a level 3 spell: Static Discharge
  4414 | D:3      | Learned a level 2 spell: Swiftness
  4414 | D:3      | Found a deep blue altar of Sif Muna.
  5479 | D:3      | Reached XP level 6. HP: 41/41 MP: 7/9
  5779 | D:3      | Found an ancient bone altar of Kikubaaqudgha.
  6900 | D:4      | Noticed a sky beast
  6922 | D:4      | Reached skill level 5 in Conjurations
  7067 | D:4      | Slain by a sky beast

Vault maps used:
D:1:      dpeg_arrival_fog, st_stairs_9
D:2:      minmay_crystal_water, grunt_ministairs_12
D:3:      lemuel_coloured_pillars_altar, old_standard_altar
D:4:      nicolae_overflow_crystal_walls, first_bread, st_stairs_10,
          minmay_strange_pillars, guppyfry_early_lair_pool

Skill      XL: |  1  2  3  4  5  6 |
---------------+-------------------+-----
Conjurations   | 2 3 4 5 |  5.0
Air Magic      | 4 |  4.1
Spellcasting   | 3 |  3.0
Dodging        | |  2.0
Stealth        | |  2.0

Action                   |  1- 3 |  4- 6 || total
-------------------------+-------+-------++-------
Melee: Short sword       |     3 |       ||     3
       Hand axe          |       |    59 ||    59
Throw: Stone             |    15 |    45 ||    60
 Cast: Shock             |    54 |   116 ||   170
Evoke: Wand              |       |     2 ||     2
  Use: Scroll            |       |     4 ||     4
       Potion            |       |     1 ||     1
 Stab: Sleeping          |       |     1 ||     1
       Confused          |       |     1 ||     1
  Eat: Chunk             |     4 |    15 ||    19
Armor: Robe              |     4 |     7 ||    11
       Ring mail         |       |    34 ||    34
Dodge: Dodged            |    18 |    54 ||    72
